 Dungeon Crawl Stone Soup version 0.31.0-2-g5a2aebc5c2 (webtiles) character file.

Game seed: 694509078251222675

49355 croobank the Covert (level 14, -5/119 HPs)
             Began as a Gnoll Delver on Jan 21, 2024.
             Was a High Priest of Ashenzari.
             Slain by Kirke (10 damage)
             ... on level 4 of the Lair of Beasts.
             The game lasted 01:16:04 (20820 turns).

croobank the Covert (Gnoll Delver)                 Turns: 20820, Time: 01:16:05

Health: -5/119     AC:  0    Str: 13    XL:     14   Next: 50%
Magic:  29/29      EV: 20    Int: 13    God:    Ashenzari [*****.]
Gold:   1437       SH:  0    Dex: 14    Spells: 27/36 levels left

rFire   . . .        a - melded +5 woodcutter's axe
rCold   . . .        (shield currently unavailable)
rNeg    . . .        J - melded +1 ring mail of Desmomancy {rF+, Cun, Dev} (curse)
rPois   .            D - melded +0 helmet "Pangnostic Jealousy" {Range, Melee} (curse)
rElec   .            x - melded +2 cloak of the Eternal Sun {rCorr, Cun, Elem} (curse)
rCorr   .            U - melded +0 pair of gloves "Per Aspera Ad Scientiam" {Range, Sorc} (curse)
SInv    +            i - melded +1 pair of boots "Prophetic Altruism" {Comp, Melee} (curse)
Will    +....        Q - amulet of the Shattered Pleiades {RegenMP, Fort, Self} (curse)
Stlth   +++++        z - melded ring "Shackled Scepticism" {EV+5, Range, Self} (curse)
HPRegen 0.39/turn    n - melded ring of the Visionary Sky {AC+4, Elem, Bglg} (curse)
MPRegen 0.61/turn

%: clarity
@: pig-form, slowed
A: fast, no casting, small, (fangs 1), strong nose, distributed training
a: Renounce Religion, Curse Item, Shatter the Chains


You were on level 4 of the Lair of Beasts.
You worshipped Ashenzari.
Ashenzari was extremely pleased with you.
You were a filthy swine.
You visited 3 branches of the dungeon, and saw 18 of its levels.

You collected 1437 gold pieces.

Inventory:

Hand Weapons
 a - the +5 woodcutter's axe (melded)
   (You found it on level 3 of the Dungeon)
 b - the +2 hammer of Riwnatil {drain, rPois rN+ Int-4}
   (You found it on level 2 of the Dungeon)

   Int-4:     It affects your intelligence (-4).
   rPois:     It protects you from poison rN+: It protects you from negative
   energy.
 c - a +6 scimitar of flaming
 M - a +4 short sword
Missiles
 h - a curare-tipped dart (quivered)
 Y - a throwing net
Armour
 i - the cursed +1 pair of boots "Prophetic Altruism" (melded) {Comp, Melee}
   (You found it on level 2 of the Dungeon)

   It has a curse which improves the following skills: Companions: Summonings
   and Necromancy.
   Melee Combat: Short Blades, Long Blades, Axes, Maces & Flails, Polearms,
   Staves and Unarmed Combat.
 t - a +2 cloak of willpower
 x - the cursed +2 cloak of the Eternal Sun (melded) {rCorr, Cun, Elem}
   (You took it off Crazy Yiuf on level 2 of the Dungeon)

   It has a curse which improves the following skills: Cunning: Dodging and
   Stealth.
   Elements:  Fire Magic, Ice Magic, Air Magic and Earth Magic.
 D - the cursed +0 helmet "Pangnostic Jealousy" (melded) {Range, Melee}
   (You found it on level 8 of the Dungeon)

   It has a curse which improves the following skills: Ranged Combat: Ranged
   Weapons and Throwing.
   Melee Combat: Short Blades, Long Blades, Axes, Maces & Flails, Polearms,
   Staves and Unarmed Combat.
 J - the cursed +1 ring mail of Desmomancy (melded) {rF+, Cun, Dev}
   (You took it off an orc on level 5 of the Dungeon)

   It has a curse which improves the following skills: Cunning: Dodging and
   Stealth.
   Devices:   Evocations and Shapeshifting.
 L - a +0 kite shield
 R - a scarf of resistance
 U - the cursed +0 pair of gloves "Per Aspera Ad Scientiam" (melded) {Range, Sorc}
   (You found it on level 9 of the Dungeon)

   It has a curse which improves the following skills: Ranged Combat: Ranged
   Weapons and Throwing.
   Sorcery:   Conjurations and Alchemy.
Jewellery
 n - the cursed ring of the Visionary Sky (melded) {AC+4, Elem, Bglg}
   (You found it on level 6 of the Dungeon)

   [ring of protection]

   AC+4:      It affects your AC (+4).
   It has a curse which improves the following skills: Elements: Fire Magic, Ice
   Magic, Air Magic and Earth Magic.
   Beguiling: Hexes and Translocations.
 r - a ring of protection from cold
 z - the cursed ring "Shackled Scepticism" (melded) {EV+5, Range, Self}
   (You found it on level 5 of the Dungeon)

   [ring of evasion]

   EV+5:      It affects your evasion (+5).
   It has a curse which improves the following skills: Ranged Combat: Ranged
   Weapons and Throwing.
   Introspection: Fighting and Spellcasting.
 A - a ring of fire
 N - a ring of magical power
 O - a ring of willpower
 Q - the cursed amulet of the Shattered Pleiades (around neck) {RegenMP, Fort, Self}
   (You found it on level 9 of the Dungeon)

   [amulet of magic regeneration]

   RegenMP:   It increases your rate of magic regeneration.
   It has a curse which improves the following skills: Fortitude: Armour and
   Shields.
   Introspection: Fighting and Spellcasting.
 T - the ring "Igeegu" {rElec rN+ rCorr}
   (You took it off an orc wizard on level 13 of the Dungeon)

   [ring of positive energy]

   rElec:     It insulates you from electricity.
   rN+:       It protects you from negative energy.
   rCorr:     It protects you from acid and corrosion.
 W - a +5 ring of evasion
Talismans
 Z - a flux talisman
Wands
 f - a wand of flame (11)
 g - a wand of digging (3)
 E - a wand of roots (31)
 G - a wand of mindburst (22)
 V - a wand of charming (11)
 X - a wand of acid (4)
Scrolls
 e - 2 scrolls of teleportation
 l - 2 scrolls of revelation
 m - 6 scrolls of fear
 o - 2 scrolls of silence
 p - 2 scrolls of immolation
 s - 5 scrolls of fog
 v - a scroll of vulnerability
 y - 2 scrolls of noise
 B - a scroll of torment
 C - 10 scrolls of amnesia
Potions
 d - a potion of brilliance
 j - 5 potions of mutation
 k - a potion of resistance
 q - 4 potions of attraction
 u - 4 potions of enlightenment
 w - a potion of heal wounds
 F - a potion of haste
 P - 2 potions of magic
 S - 2 potions of lignification
Miscellaneous
 I - a lightning rod (4/4)


   Skills:
 + Level 11.6(13.7) Fighting
 + Level 10.7 Short Blades
 + Level 9.6 Long Blades
 + Level 9.6 Axes
 + Level 9.6 Maces & Flails
 + Level 9.6 Polearms
 + Level 9.6 Staves
 + Level 9.6 Ranged Weapons
 + Level 9.6 Throwing
 + Level 9.6(11.7) Armour
 + Level 10.7 Dodging
 + Level 13.3 Stealth
 + Level 9.6(11.7) Shields
 + Level 9.6 Unarmed Combat
 + Level 9.6(11.7) Spellcasting
 + Level 8.0 Conjurations
 + Level 8.0 Hexes
 + Level 8.0 Summonings
 + Level 8.0 Necromancy
 + Level 8.0 Translocations
 + Level 8.0 Fire Magic
 + Level 8.0 Ice Magic
 + Level 8.0 Air Magic
 + Level 8.0 Earth Magic
 + Level 8.0 Alchemy
 + Level 10.5 Invocations
 + Level 9.6 Evocations
 + Level 8.8 Shapeshifting


You had 27 spell levels left.
You knew the following spells:

 Your Spells              Type           Power      Damage    Failure   Level
a - Dazzling Flash        Conj/Hex       56%        N/A       1%          3
b - Mephitic Cloud        Conj/Alch/Air  28%        N/A       1%          3
c - Call Canine Familiar  Summ           28%        N/A       1%          3

Your spell library contained the following spells:

 Spells                   Type           Power      Damage    Failure   Level
 Foxfire                  Conj/Fire      100%       2x1d9     1%          1
 Magic Dart               Conj           100%       1d8       1%          1
 Sandblast                Erth           56%        2d13      1%          1
 Mercury Vapours          Alch/Air       56%        N/A       1%          2
 Searing Ray              Conj           56%        2d6       1%          2
 Sigil of Binding         Hex            28%        N/A       1%          3
 Animate Armour           Summ/Erth      56%        N/A       3%          4
 Dimensional Bullseye     Hex/Tloc       14%        N/A       3%          4
 Fulminant Prism          Conj/Alch      14%        3d8       3%          4
 Curse of Agony           Necr           28%        N/A       10%         5
 Freezing Cloud           Conj/Ice/Air   14%        6-21      10%         5
 Lee's Rapid Deconstruct  Erth           14%        3d9*      10%         5
 Silence                  Hex/Air        14%        N/A       10%         5
 Plasma Beam              Fire/Air       14%        2x1d25    45%         6
 Starburst                Conj/Fire      14%        6d6       45%         6
 Malign Gateway           Summ/Tloc      14%        N/A       96%         7
 Summon Horrible Things   Summ           14%        N/A       100%        8
 Shatter                  Erth           14%        3d14*     100%        9


Dungeon Overview and Level Annotations

Branches:
Dungeon (13/15)            Temple (1/1) D:4            Lair (4/5) D:8
  Swamp (0/4) Lair:3        Snake (0/4) Lair:3          Orc (0/2) D:9
  Slime: Lair:4-5    Vaults: D:13-14

Altars:
Ashenzari
Cheibriados
Dithmenos
Elyvilon
Fedhas
Gozag
Hepliaklqana
Kikubaaqudgha
Makhleb
Nemelex Xobeh
Okawaru
Qazlal
Ru
Sif Muna
Trog
Uskayaw
Vehumet
Wu Jian
Xom
Yredelemnul
Zin
The Shining One

Shops:
D:1 [

Portals:
Trove: D:11 (give +2 gold dragon scales)

Annotations:
D:6 exclusion: downstairs
D:9 3 runed translucent doors, ces's ghost, novice SpEn
Lair:4 Kirke


Innate Abilities, Weirdness & Mutations

You are a filthy swine.
You move quickly.
Your equipment is almost entirely melded.
You are incapable of wielding weapons or throwing items.
You cannot cast spells.
((You have very sharp teeth.))
Your uncanny sense of smell can sniff out nearby items.
Your experience applies equally to all skills.


Message History

The hog misses you.
The hog is engulfed in noxious fumes.
The hog appears confused.
The hog bites the lindwurm.
The hog misses you. The hog closely misses you.
The water moccasin completely misses you.
The bullfrog hits the hog!
Kirke is engulfed in noxious fumes.
Kirke points at you and mumbles some strange words.
You struggle to resist.
The hog is engulfed in noxious fumes.
The hog appears confused.
The hog closely misses Kirke.
The hog misses you. The hog closely misses you.
The hog is engulfed in noxious fumes.
The hog appears confused.
The hog bites the black mamba.
The hog bites itself!
The hog is killed!
The water moccasin barely misses you.
The hog bites the water moccasin.
You hit Kirke.
Kirke is severely wounded.
The hog seems less confused.
Kirke is engulfed in noxious fumes.
Kirke hits you! The hog bites you!
The hog is engulfed in noxious fumes.
The hog appears confused.
The hog completely misses you. The hog bites you!
* * * LOW HITPOINT WARNING * * *
Kirke is engulfed in noxious fumes.
Kirke mumbles some strange words.
Kirke summons a lindwurm!
You bite Kirke!
Kirke is almost dead.
The hog bites you!
* * * LOW HITPOINT WARNING * * *
The bullfrog hits itself.
The hog is engulfed in noxious fumes.
The hog appears confused.
The hog bites the black mamba!
The hog bites itself.
The hog bites you!
* * * LOW HITPOINT WARNING * * *
The hog misses you. The black mamba completely misses you.
The hog barely misses you.
The bullfrog barely misses the water moccasin.
The hog completely misses you. The hog bites you.
* * * LOW HITPOINT WARNING * * *
The lindwurm is engulfed in noxious fumes.
The lindwurm appears confused.
The lindwurm bites the water moccasin!
The lindwurm barely misses the water moccasin.
The lindwurm closely misses the water moccasin.
Kirke hits you!
You die...

#.......##
##.......#
#......##
##......#
#.......## *
***##........#
*##.##k#......##
,...○.hSh.....###
,.h..kS@hh....#.#
,....F.h.......##
,..............#
,.............##
,............(#
,##.###...##.##
**##* ##.#..#.#
########


You could see Kirke, 2 lindwurms, a black mamba, 5 hogs, a water moccasin and a
bullfrog (confused).

Vanquished Creatures
  Gastronok (D:10)
  Josephine (D:12)
  A hydra (Lair:3)
  Erica (D:8)
  An ogre mage (D:13)
  2 boulder beetles (D:12)
  2 centaur warriors (D:13)
  13 death yaks
  7 two-headed ogres
  A lindwurm (Lair:2)
  2 deep elf pyromancers (D:13)
  An orange crystal statue (D:12)
  An orc knight (D:13)
  2 manticores (D:13)
  2 cyclopes
  14 elephants
  2 black mambas
  A centaur skeleton (D:13)
  4 cane toads
  An unseen horror (D:8)
  A rime drake (D:8)
  An efreet (D:13)
  5 komodo dragons
  3 trolls
  A polar bear (Lair:3)
  A hornet (D:8)
  6 dream sheep (Lair:3)
  5 slime creatures (D:12)
  A vampire (D:10)
  21 yaks
  5 wyverns
  A basilisk (shapeshifter) (D:10)
  9 wraiths
  A hog (Lair:4)
  A warg (D:13)
  4 vampire mosquitoes
  5 basilisks
  3 steam dragons
  2 acid dragons
  Edmund (D:5)
  3 swamp worms (Lair:3)
  9 water moccasins
  3 nagas (Lair:3)
  Duvessa (D:5)
  A sky beast (D:6)
  10 orc warriors
  3 ice beasts
  2 black bears
  A crocodile (shapeshifter) (D:13)
  An ogre (shapeshifter) (D:13)
  3 ogres
  10 wolves
  16 centaurs
  2 kobold brigands
  A gnoll sergeant (D:3)
  10 bullfrogs
  5 scorpions
  10 wights
  Dowan (D:5)
  6 killer bees (D:9)
  2 electric eels
  5 howler monkeys (D:8)
  5 orc priests
  3 bombardier beetles
  5 hounds
  A jelly (D:6)
  Crazy Yiuf (D:2)
  8 iguanas
  13 orc wizards
  Terence (D:2)
  Natasha (thrice) (D:2)
  5 gnolls
  8 adders
  A white imp (D:7)
  A ribbon worm (D:5)
  2 dart slugs
  67 orcs
  3 bats
  2 endoplasms (D:3)
  7 giant cockroaches
  8 goblins
  3 hobgoblins
  12 kobolds
  A quokka (D:1)
  4 ball pythons
  3 frilled lizards
  6 rats
415 creatures vanquished.

Notes
Turn   | Place    | Note
-------+----------+-------------------------------------------
     0 | D:5      | Reached skill level 9 in Stealth
     0 | D:5      | croobank the Gnoll Delver began the quest for the Orb.
     0 | D:5      | Reached XP level 1. HP: 23/23 MP: 1/1
     1 | D:6      | Noticed an iguana
     1 | D:6      | Noticed a jelly
     2 | D:6      | Killed a jelly
     3 | D:6      | Reached XP level 2. HP: 29/29 MP: 1/3
     3 | D:6      | Reached XP level 3. HP: 35/35 MP: 1/4
    87 | D:5      | Noticed an ice beast
   109 | D:5      | Noticed an ice beast
   129 | D:5      | Reached skill level 1 in Long Blades
   129 | D:5      | Reached skill level 1 in Axes
   129 | D:5      | Reached skill level 1 in Maces & Flails
   129 | D:5      | Reached skill level 1 in Polearms
   129 | D:5      | Reached skill level 1 in Staves
   129 | D:5      | Reached skill level 1 in Ranged Weapons
   129 | D:5      | Reached skill level 1 in Throwing
   129 | D:5      | Reached skill level 1 in Armour
   129 | D:5      | Reached skill level 1 in Shields
   129 | D:5      | Reached skill level 1 in Unarmed Combat
   129 | D:5      | Reached skill level 1 in Spellcasting
   129 | D:5      | Reached skill level 1 in Invocations
   129 | D:5      | Reached skill level 1 in Evocations
   129 | D:5      | Reached skill level 1 in Shapeshifting
   129 | D:5      | Reached XP level 4. HP: 41/41 MP: 5/5
   178 | D:5      | Noticed a water moccasin
   418 | D:2      | Noticed Terence
   508 | D:1      | Reached skill level 1 in Conjurations
   508 | D:1      | Reached skill level 1 in Hexes
   508 | D:1      | Reached skill level 1 in Summonings
   508 | D:1      | Reached skill level 1 in Necromancy
   508 | D:1      | Reached skill level 1 in Translocations
   508 | D:1      | Reached skill level 1 in Fire Magic
   508 | D:1      | Reached skill level 1 in Ice Magic
   508 | D:1      | Reached skill level 1 in Air Magic
   508 | D:1      | Reached skill level 1 in Earth Magic
   508 | D:1      | Reached skill level 1 in Alchemy
   539 | D:1      | Found Nuneek's Antique Armour Shoppe.
  1326 | D:2      | Killed Terence
  1327 | D:2      | Reached XP level 5. HP: 40/47 MP: 5/7
  1418 | D:2      | Found a runed translucent door.
  1419 | D:2      | Noticed Crazy Yiuf
  1420 | D:2      | Identified the +2 hammer of Riwnatil {drain, rPois rN+
                  | Int-4}
  1481 | D:2      | Noticed Natasha
  1486 | D:2      | Killed Natasha
  1734 | D:2      | Noticed Natasha
  1741 | D:2      | Killed Natasha
  1784 | D:2      | Killed Crazy Yiuf
  1785 | D:2      | Reached XP level 6. HP: 53/53 MP: 8/8
  1829 | D:2      | Noticed Natasha
  1837 | D:2      | Killed Natasha
  1964 | D:3      | Reached skill level 5 in Short Blades
  1964 | D:3      | Reached skill level 5 in Dodging
  2417 | D:3      | Found the +5 woodcutter's axe
  2426 | D:3      | HP: 2/53 [gnoll sergeant/+2 spear of freezing (2)]
  3120 | D:4      | Reached XP level 7. HP: 57/59 MP: 10/10
  3442 | D:4      | Found a staircase to the Ecumenical Temple.
  3496 | Temple   | Entered the Ecumenical Temple
  3505 | Temple   | Became a worshipper of Ashenzari the Shackled
  3626 | D:5      | Reached skill level 10 in Stealth
  3903 | D:5      | Reached XP level 8. HP: 56/67 MP: 12/12
  4172 | D:5      | Noticed Duvessa
  4172 | D:5      | Noticed Dowan
  4179 | D:5      | Killed Dowan
  4192 | D:5      | HP: 2/67 [Duvessa/+0 short sword (16)]
  4193 | D:5      | Killed Duvessa
  4562 | D:5      | Noticed Edmund
  4579 | D:5      | Killed Edmund
  4629 | D:5      | Found a blossoming altar of Fedhas.
  4858 | D:6      | Learned a level 3 spell: Dazzling Flash
  4876 | D:6      | Reached XP level 9. HP: 41/73 MP: 11/14
  5508 | D:6      | Reached * piety under Ashenzari
  5522 | D:7      | Found a snail-covered altar of Cheibriados.
  5648 | D:7      | Noticed a two-headed ogre
  6614 | D:7      | Killed a two-headed ogre
  6615 | D:7      | Reached skill level 5 in Invocations
  6778 | D:7      | Reached skill level 5 in Long Blades
  6778 | D:7      | Reached skill level 5 in Axes
  6778 | D:7      | Reached skill level 5 in Maces & Flails
  6778 | D:7      | Reached skill level 5 in Polearms
  6778 | D:7      | Reached skill level 5 in Staves
  6778 | D:7      | Reached skill level 5 in Ranged Weapons
  6778 | D:7      | Reached skill level 5 in Throwing
  6778 | D:7      | Reached skill level 5 in Armour
  6778 | D:7      | Reached skill level 5 in Shields
  6778 | D:7      | Reached skill level 5 in Unarmed Combat
  6778 | D:7      | Reached skill level 5 in Spellcasting
  6778 | D:7      | Reached skill level 5 in Evocations
  6778 | D:7      | Reached XP level 10. HP: 57/83 MP: 18/18
  7125 | D:7      | Reached ** piety under Ashenzari
  7397 | D:8      | Reached skill level 11 in Stealth
  7505 | D:8      | Reached skill level 5 in Shapeshifting
  7808 | D:8      | Identified a scroll of acquirement
  7819 | D:8      | Noticed Erica
  7835 | D:8      | Learned a level 3 spell: Mephitic Cloud
  7859 | D:8      | Killed Erica
  7868 | D:8      | Noticed an unseen horror
  7874 | D:8      | Killed an unseen horror
  8750 | D:8      | Found a staircase to the Lair.
  9012 | D:9      | Reached skill level 5 in Conjurations
  9012 | D:9      | Reached skill level 5 in Hexes
  9012 | D:9      | Reached skill level 5 in Summonings
  9012 | D:9      | Reached skill level 5 in Necromancy
  9012 | D:9      | Reached skill level 5 in Translocations
  9012 | D:9      | Reached skill level 5 in Fire Magic
  9012 | D:9      | Reached skill level 5 in Ice Magic
  9012 | D:9      | Reached skill level 5 in Air Magic
  9012 | D:9      | Reached skill level 5 in Earth Magic
  9012 | D:9      | Reached skill level 5 in Alchemy
  9018 | D:9      | Reached XP level 11. HP: 82/91 MP: 18/21
  9152 | D:9      | Found a burning altar of Makhleb.
  9267 | D:9      | Found a runed translucent gate.
  9267 | D:9      | Found a runed translucent gate.
  9267 | D:9      | Found a runed translucent gate.
  9267 | D:9      | Noticed ces's ghost (novice SpEn)
  9335 | D:9      | Found a staircase to the Orcish Mines.
  9408 | D:9      | Noticed a two-headed ogre
  9426 | D:9      | Killed a two-headed ogre
  9748 | D:9      | Reached *** piety under Ashenzari
  9791 | D:9      | Found a glowing golden altar of the Shining One.
  9791 | D:9      | Found a sacrificial altar of Ru.
 10094 | D:10     | Entered Level 10 of the Dungeon
 10162 | D:10     | Noticed a two-headed ogre
 10197 | D:10     | Noticed Gastronok
 10233 | D:10     | Killed Gastronok
 10472 | D:10     | Found a radiant altar of Vehumet.
 10489 | D:10     | Found a basalt altar of Yredelemnul.
 10495 | D:10     | Found a hazy altar of Hepliaklqana.
 10537 | D:10     | Reached **** piety under Ashenzari
 11208 | D:11     | Found a portal to a secret trove of treasure.
 11371 | D:11     | Noticed a cyclops
 11382 | D:11     | Killed a cyclops
 11456 | D:11     | Found a bloodstained altar of Trog.
 11462 | D:11     | Noticed a two-headed ogre
 11471 | D:11     | Killed a two-headed ogre
 11895 | D:12     | Noticed a boulder beetle
 11906 | D:12     | Killed a boulder beetle
 11907 | D:12     | Reached XP level 12. HP: 103/103 MP: 25/25
 11944 | D:12     | Noticed a two-headed ogre
 11953 | D:12     | Killed a two-headed ogre
 11994 | D:12     | Noticed a two-headed ogre
 12005 | D:12     | Noticed a two-headed ogre
 12009 | D:12     | Noticed a two-headed ogre
 12022 | D:12     | Noticed Josephine
 12330 | D:13     | Identified the ring "Igeegu" {rElec rN+ rCorr}
 12334 | D:13     | Reached skill level 12 in Stealth
 12629 | D:13     | Noticed a two-headed ogre
 12632 | D:13     | Noticed a two-headed ogre
 12634 | D:13     | Noticed an ogre mage
 12639 | D:13     | Killed a two-headed ogre
 12640 | D:13     | Reached skill level 10 in Fighting
 12698 | D:13     | Noticed a two-headed ogre
 12704 | D:13     | Killed a two-headed ogre
 13252 | D:12     | Killed Josephine
 13325 | D:12     | Learned a level 3 spell: Call Canine Familiar
 13859 | D:10     | Killed a two-headed ogre
 14431 | D:12     | Noticed a boulder beetle
 14468 | D:12     | Killed a boulder beetle
 14835 | D:12     | Identified the +2 helmet "Obboez" {rElec SInv}
 15119 | D:13     | Noticed a centaur warrior
 15230 | D:13     | Killed a centaur warrior
 15240 | D:13     | Reached XP level 13. HP: 102/111 MP: 27/27
 15777 | D:13     | Noticed a tengu reaver
 15802 | D:13     | Identified the ring of Ymyvvauph {*Corrode +Blink rPois
                  | SInv}
 15802 | D:13     | Noticed a frost giant
 16095 | Lair:1   | Entered Level 1 of the Lair of Beasts
 17115 | Lair:1   | Reached skill level 10 in Short Blades
 17115 | Lair:1   | Reached skill level 10 in Dodging
 17234 | Lair:1   | Reached ***** piety under Ashenzari
 17755 | Lair:2   | Reached skill level 13 in Stealth
 18393 | Lair:2   | Reached XP level 14. HP: 113/121 MP: 27/30
 18405 | Lair:2   | Reached skill level 10 in Invocations
 18886 | Lair:3   | Identified the Dissertation on the Fault
 19461 | Lair:3   | Acquired 360 gold pieces
 20408 | Lair:3   | Found a staircase to the Swamp.
 20494 | Lair:3   | Found a staircase to the Snake Pit.
 20802 | Lair:4   | Noticed Kirke
 20820 | Lair:4   | HP: 5/119 [hog[Kirke] (3)]
 20820 | Lair:4   | Slain by Kirke

Illustrated notes

Levels and vault maps discovered:
D:1:      dpeg_arrival_erosion, layout_rooms, serial_shops,
          nicolae_shop_back_alley_shop
D:2:      layout_loops_ring, uniq_crazy_yiuf_cottage, uniq_natasha, uniq_terence
D:3:      layout_loops_ring, pf_guarded_unrand_woodcutter
D:4:      layout_basic, minmay_temple_entry_butterflies
D:5:      layout_gridville, fedhas_altar_1, cheibrodos_sewer_entry_sluice,
          uniq_edmund, uniq_duvessa
D:6:      layout_cave_pools, eino_curves_03, grunt_decor_fettered
D:7:      layout_rooms, slow_altar_1, serial_bayou_lagoon_a
D:8:      layout_loops_ring, erik_lair_island, special_room [special_room_orc],
          corexii_corridor_pit, minmay_hedge_maze, uniq_erica
D:9:      layout_gridville, gammafunk_temple_overflow_wave,
          mainiacjoe_overflow_catwalk, orc_david_3, ebering_ghost_rock_garden,
          st_stairs_5, minmay_misc_feat_cross, grunt_ministairs_13,
          roderic_serpentine_path, chequers_avenue, kennysheep_generic_room_13
D:10:     layout_loops_cross, minmay_overflow_temple_star_quad,
          nicolae_fountain_basement, uniq_gastronok
D:11:     layout_irregular_city, nicolae_trove_entry_crystal,
          trog_three_pillars_becter
D:12:     layout_cave_pools, minivault_16, minmay_misc_feat_tower,
          uniq_josephine
D:13:     nicolae_aperiodic_l_corner, layout_basic,
          hangedman_vaults_entry_quadrant_bands
Temple:   nicolae_temple_ecumenical_triangle
Lair:1:   layout_gridlike
Lair:2:   layout_cave_pods
Lair:3:   layout_chaotic_city, swamp_mist, nicolae_snake_entry_squirm,
          worms_lemuel
Lair:4:   layout_big_grid, gammafunk_ghost_ooze, beast_lair_carwin_2, uniq_kirke

Skill      XL: |  1  2  3  4  5  6  7  8  9 10 11 12 13 14 |
---------------+-------------------------------------------+-----
Stealth        | 10 11 12 13 | 13.3
Long Blades    | 1 2 3 5 6 7 8 9 |  9.6
Axes           | 1 2 3 5 6 7 8 9 |  9.6
Maces & Flails | 1 2 3 5 6 7 8 9 |  9.6
Polearms       | 1 2 3 5 6 7 8 9 |  9.6
Staves         | 1 2 3 5 6 7 8 9 |  9.6
Ranged Weapons | 1 2 3 5 6 7 8 9 |  9.6
Throwing       | 1 2 3 5 6 7 8 9 |  9.6
Armour         | 1 2 3 5 6 7 8 9 |  9.6
Shields        | 1 2 3 5 6 7 8 9 |  9.6
Unarmed Combat | 1 2 3 5 6 7 8 9 |  9.6
Spellcasting   | 1 2 3 5 6 7 8 9 |  9.6
Invocations    | 1 2 3 4 5 6 7 8 9 10 | 10.5
Evocations     | 1 2 3 5 6 7 8 9 |  9.6
Shapeshifting  | 1 2 3 4 5 6 7 8 |  8.8
Conjurations   | 1 2 3 4 5 6 7 8 |  8.0
Hexes          | 1 2 3 4 5 6 7 8 |  8.0
Summonings     | 1 2 3 4 5 6 7 8 |  8.0
Necromancy     | 1 2 3 4 5 6 7 8 |  8.0
Translocations | 1 2 3 4 5 6 7 8 |  8.0
Fire Magic     | 1 2 3 4 5 6 7 8 |  8.0
Ice Magic      | 1 2 3 4 5 6 7 8 |  8.0
Air Magic      | 1 2 3 4 5 6 7 8 |  8.0
Earth Magic    | 1 2 3 4 5 6 7 8 |  8.0
Alchemy        | 1 2 3 4 5 6 7 8 |  8.0
Short Blades   | 5 6 7 8 9 10 | 10.7
Dodging        | 5 6 7 8 9 10 | 10.7
Fighting       | 7 8 9 10 11 | 11.6

Action                     |  1- 3 |  4- 6 |  7- 9 | 10-12 | 13-15 || total
---------------------------+-------+-------+-------+-------+-------++-------
  Melee: Short sword       |     2 |   118 |       |       |       ||   120
         Bite              |       |    16 |    21 |    77 |   117 ||   231
         Punch             |       |     4 |       |     8 |    57 ||    69
         Mace              |       |    24 |    11 |   162 |   461 ||   658
         Battleaxe         |       |    18 |   180 |   407 |   173 ||   778
         Unarmed           |       |       |       |       |    13 ||    13
         Scimitar          |       |       |       |       |    12 ||    12
  Throw: Dart              |       |    17 |    11 |    17 |       ||    45
         Throwing net      |       |       |     3 |       |       ||     3
   Cast: Dazzling Flash    |       |       |     4 |       |       ||     4
         Mephitic Cloud    |       |       |       |    68 |    96 ||   164
         Call Canine Famil |       |       |       |     1 |     1 ||     2
 Invoke: Curse Item        |       |       |     2 |     5 |     1 ||     8
  Evoke: Wand              |       |       |     1 |     7 |     1 ||     9
    Use: Scroll            |       |     7 |     2 |     4 |    11 ||    24
         Potion            |       |     1 |     1 |     6 |     2 ||    10
   Stab: Sleeping          |     2 |    19 |    10 |     5 |     3 ||    39
         Distracted        |       |       |     1 |       |     2 ||     3
         Invisible         |       |       |     4 |       |       ||     4
         Confused          |       |       |       |    51 |   108 ||   159
 Armour: Leather armour    |       |    71 |    66 |       |       ||   137
         Steam dragon scal |       |       |    54 |    30 |       ||    84
         Ring mail         |       |       |       |   208 |   304 ||   512
         Skin              |       |       |       |       |    16 ||    16
  Dodge: Dodged            |       |    85 |   187 |   571 |   754 ||  1597
